 Dungeon Crawl Stone Soup version 0.21-a0-538-gd16b88a (webtiles) character file.

110126 theanonym the Severer (level 16, -4/155 HPs)
             Began as a Hill Orc Monk on Dec 16, 2017.
             Was the Champion of Kikubaaqudgha.
             Slain by Donald
             ... wielding a +0 demon trident of draining
              (26 damage)
             ... on level 4 of the Snake Pit.
             The game lasted 01:21:46 (32170 turns).

theanonym the Severer (Hill Orc Monk)              Turns: 32170, Time: 01:21:47

Health: -4/155     AC: 21    Str: 18    XL:     16   Next: 54%
Magic:  16/32      EV: 17    Int: 17    God:    Kikubaaqudgha [******]
Gold:   857        SH:  9    Dex: 22    Spells: 6/25 levels left

rFire    + + +     SeeInvis .   a - +6 broad axe (pain)
rCold    + . .     Gourm    .   M - +3 buckler {rF+} {rF+}
rNeg     . . .     Faith    .   K - +2 chain mail {rF+} {rF+}
rPois    +         Spirit   .   n - +0 helmet of Atheism {rElec Dex+4}
rElec    +         Reflect  .   j - scarf {rC+ rF+} {rF+ rC+}
rCorr    .         Harm     .   N - +0 pair of gloves
MR       +....                  (no boots)
Stlth    ..........             X - amulet of rage {+Rage}
HPRegen  0.35/turn              Z - ring of magical power {MP+9}
MPRegen  0.23/turn              q - ring of Liatuumim {rPois Int+4}

@: agile, lethally poisoned (-4 -> -5), berserk cooldown, very slightly
contaminated, hasted and slowed, drained
A: talons 2, iridescent scales 1, shaggy fur 1
a: Receive Corpses, Torment, Renounce Religion, Evoke Berserk Rage


Innate Abilities, Weirdness & Mutations

You have razor-sharp toenails.
You are partially covered in iridescent scales. (AC +2)
You are covered in fur. (AC +1)


   Skills:
 + Level 17.0(16.0) Fighting
 - Level 18.0(16.9) Axes
 * Level 14.7(13.7) Armour
 - Level 7.0(6.2) Dodging
 - Level 1.5(0.8) Stealth
 - Level 4.0(3.3) Shields
 - Level 5.0(4.2) Spellcasting
 - Level 5.0(4.2) Charms
 + Level 10.0(9.1) Necromancy


You had 6 spell levels left.
You knew the following spells:

 Your Spells              Type           Power        Failure   Level  Hunger
a - Animate Dead          Necr           N/A          26%         4    ####...
b - Excruciating Wounds   Chrm/Necr      ####......   90%         5    ######.
c - Dispel Undead         Necr           ####....     58%         5    ######.
g - Blink                 Tloc           N/A          87%         2    ##.....
r - Regeneration          Chrm/Necr      ####......   22%         3    ###....

Skill      XL: |  1  2  3  4  5  6  7  8  9 10 11 12 13 14 15 16 |
---------------+-------------------------------------------------+-----
Fighting       | 4 5 6 8 10 11 12 13 15 16 17 | 17.0
Axes           | 5 6 7 8 10 12 14 15 16 17 18 | 18.0
Shields        | 3 4 |  4.0
Armour         | 3 6 9 11 12 13 14 | 14.7
Dodging        | 3 5 7 |  7.0
Necromancy     | 4 6 7 9 10 | 10.0
Spellcasting   | 2 4 5 |  5.0
Charms         | 4 5 |  5.0
Stealth        | |  1.5

Action                   |  1- 3 |  4- 6 |  7- 9 | 10-12 | 13-15 | 16-18 || total
-------------------------+-------+-------+-------+-------+-------+-------++-------
Melee: Hand axe          |    88 |       |       |       |       |       ||    88
       War axe           |     2 |   125 |   344 |   443 |   643 |       ||  1557
       Kick              |       |    14 |   100 |   158 |   429 |    64 ||   765
       Flail             |       |       |       |       |    12 |       ||    12
       Broad axe         |       |       |       |       |   586 |   174 ||   760
 Fire: Hunting sling     |    12 |    36 |     3 |     4 |       |       ||    55
       Blowgun           |       |     7 |    11 |       |       |       ||    18
Throw: Stone             |       |     3 |     1 |       |       |       ||     4
       Throwing net      |       |       |       |     1 |       |       ||     1
 Cast: Animate Dead      |       |       |       |       |    70 |    23 ||    93
       Dispel Undead     |       |       |       |       |     2 |       ||     2
       Regeneration      |       |       |       |       |    14 |    11 ||    25
Invok: Brand Weapon With |       |       |       |       |     1 |       ||     1
 Abil: Evoke Berserk Rag |       |       |       |     5 |     4 |     2 ||    11
Evoke: Wand              |       |       |     7 |    25 |    15 |     2 ||    49
       Lightning rod     |       |       |       |       |     7 |       ||     7
  Use: Potion            |       |     4 |       |     3 |     2 |     4 ||    13
       Scroll            |       |     4 |     7 |     8 |    17 |     6 ||    42
 Stab: Sleeping          |     5 |       |       |       |       |       ||     5
       Paralysed         |       |       |     2 |     4 |     2 |       ||     8
       Held in net/web   |       |       |       |     1 |       |       ||     1
       Confused          |       |       |       |     3 |    11 |     2 ||    16
       Distracted        |       |       |       |       |    12 |     3 ||    15
  Eat: Chunk             |     3 |    11 |    21 |    12 |    26 |       ||    73
       Royal jelly       |       |     1 |       |     1 |    14 |       ||    16
       Fruit             |       |       |       |       |    17 |       ||    17
       Bread ration      |       |       |       |       |     3 |     2 ||     5
Armor: Robe              |    25 |     1 |       |       |       |       ||    26
       Leather armour    |       |    16 |       |       |       |       ||    16
       Chain mail        |       |    42 |   135 |   151 |   209 |    83 ||   620
       Scale mail        |       |       |       |       |   189 |       ||   189
Dodge: Dodged            |    64 |    75 |    69 |   141 |   445 |    78 ||   872
Block: Buckler           |       |       |    41 |   115 |   365 |    51 ||   572

Inventory:

Hand Weapons
 a - a +6 broad axe of pain (weapon)
   (You found it on level 6 of the Lair of Beasts)
Armour
 j - a scarf of resistance (worn) {rF+ rC+}
   (You found it on level 2 of the Snake Pit)
 l - a +0 scale mail {10}
   (You found it on level 10 of the Dungeon)
 n - the +0 helmet of Atheism (worn) {rElec Dex+4}
   (You bought it in a shop on level 1 of the Snake Pit)

   It affects your dexterity (+4).
   It insulates you from electricity.
 K - a +2 chain mail of fire resistance (worn) {rF+}
   (You took it off an orc warrior on level 1 of the Orcish Mines)
 M - a +3 buckler of fire resistance (worn) {rF+}
   (You found it on level 4 of the Dungeon)
 N - a +0 pair of gloves (worn)
   (You found it on level 11 of the Dungeon)
Jewellery
 q - the ring of Liatuumim (right hand) {rPois Int+4}
   (You bought it in a shop on level 2 of the Orcish Mines)

   [ring of poison resistance]

   It affects your intelligence (+4).
   It protects you from poison.
 z - an uncursed ring of see invisible {SInv}
   (You found it in an ossuary)
 X - an amulet of rage (around neck) {+Rage}
   (You found it on level 9 of the Dungeon)
 Z - a ring of magical power (left hand) {MP+9}
   (You found it on level 6 of the Lair of Beasts)
Wands
 c - a wand of clouds (8)
   (You found it on level 4 of the Dungeon)
 d - a wand of digging (13)
   (You found it on level 2 of the Dungeon)
 i - a wand of polymorph (18)
   (You found it on level 2 of the Dungeon)
 v - a wand of acid (10)
   (You took it off a spriggan on level 1 of the Lair of Beasts)
 B - a wand of paralysis (2)
   (You found it on level 3 of the Dungeon)
 R - a wand of iceblast (32)
   (You found it on level 6 of the Dungeon)
 S - a wand of disintegration (27)
   (You found it on level 6 of the Dungeon)
 U - a wand of scattershot (2)
   (You found it on level 7 of the Dungeon)
Scrolls
 b - 2 scrolls of blinking
 f - 4 scrolls of fog
 h - 7 scrolls of magic mapping
 s - 7 scrolls of remove curse
 t - 12 scrolls of teleportation {!r}
 u - 5 scrolls of enchant armour
 C - 8 scrolls of immolation
 H - a scroll of fear
 J - 2 scrolls of summoning
 O - 2 scrolls of brand weapon
Potions
 k - a potion of lignification
 m - a potion of cancellation
 p - 2 potions of mutation
 w - 8 potions of curing
 D - a potion of magic
 E - 3 potions of berserk rage {!q}
 P - a potion of resistance {rF+ rC+}
 Q - a potion of flight {unknown}
 V - a potion of brilliance {unknown}
Books
 F - Kikubaaqudgha's Compendium of Stolen Souls {god gift}
   (Kikubaaqudgha gifted it to you on level 1 of the Lair of Beasts)

   Spells                             Type                      Level
   a - Animate Dead                   Necromancy                   4
   b - Excruciating Wounds            Charms/Necromancy            5
   c - Bolt of Draining               Conjuration/Necromancy       5
   d - Cigotuvi's Embrace             Necromancy                   5
   e - Dispel Undead                  Necromancy                   5
 Y - Kikubaaqudgha's Papyrus of Evil Rituals {god gift}
   (Kikubaaqudgha gifted it to you on level 9 of the Dungeon)

   Spells                             Type                      Level
   a - Pain                           Necromancy                   1
   b - Corpse Rot                     Necromancy                   2
   c - Sublimation of Blood           Necromancy                   2
   d - Vampiric Draining              Necromancy                   3
   e - Control Undead                 Necromancy                   4
Miscellaneous
 I - a lightning rod (4/4)
   (You found it on level 4 of the Lair of Beasts)
Comestibles
 e - 5 bread rations
 A - 9 meat rations


You were on level 4 of the Snake Pit.
You worshipped Kikubaaqudgha.
Kikubaaqudgha was exalted by your worship.
You were very hungry.

You visited 5 branches of the dungeon, and saw 25 of its levels.
You also visited: Ossuary.

You collected 2420 gold pieces.
You spent 1563 gold pieces at shops.

Dungeon Overview and Level Annotations

Branches:
Dungeon (12/15)            Temple (1/1) D:6            Lair (6/6) D:9
 Shoals (0/4) Lair:2        Snake (4/4) Lair:3        Slime (0/5) Lair:5
    Orc (2/2) D:11            Elf (0/3) Orc:2

Altars:
Ashenzari
Cheibriados
Dithmenos
Elyvilon
Fedhas
Gozag
Hepliaklqana
Kikubaaqudgha
Makhleb
Nemelex Xobeh
Okawaru
Qazlal
Ru
Sif Muna
Trog
Uskayaw
Vehumet
Wu Jian
Xom
Yredelemnul
Zin
The Shining One
Beogh
Jiyva

Shops:
D:10 ?   D:11 (   Orc:1 (   Orc:2 :%==   Snake:1 [

Annotations:
Lair:5 exclusion: 3 oklob plants
Snake:4 Donald


Message History

You kill the naga!
Kikubaaqudgha accepts your kill.
The shock serpent's electric aura discharges, shocking you!
* * * LOW HITPOINT WARNING * * *
You hit the black mamba.
The black mamba writhes in agony.
You take 10 damage, and have 75/232 hp.
You slash the shock serpent!
The shock serpent writhes in agony.
You slash the black mamba!
The black mamba writhes in agony.
The shock serpent's electric aura discharges, shocking you!
* * * LOW HITPOINT WARNING * * *
You feel sick.
The black mamba bites you but does no damage.
The shock serpent shoots out a bolt of lightning at you!
The bolt of electricity hits you! You resist.
* * * LOW HITPOINT WARNING * * *
You take 9 damage, and have 66/232 hp.
You cut the shock serpent into ribbons!!!
You kill the shock serpent!
Kikubaaqudgha accepts your kill.
You miss the black mamba.
The air sparks with electricity, shocking you!
* * * LOW HITPOINT WARNING * * *
You closely miss the black mamba. The black mamba completely misses you.
The black mamba bites you but does no damage.
You take 5 damage, and have 61/232 hp.
You slash the black mamba!
The black mamba writhes in agony.
You claw the black mamba. You closely miss the black mamba.
You block the black mamba's attack. The black mamba closely misses you.
You slash the black mamba!
The black mamba writhes in agony.
You kill the black mamba!
Kikubaaqudgha accepts your kill.
Your Necromancy skill increases to level 10!
You slash the black mamba!
You kill the black mamba!
Kikubaaqudgha accepts your kill. The naga warrior spits poison at you.
The splash of poison hits you! You resist.
You feel a strong urge to attack something.
Your skin is crawling a little less now.
You feel sick.
Donald mumbles some strange words.
Donald seems to speed up.
The naga warrior closely misses you. You block the naga warrior's attack.
You slice the naga warrior!!
The naga warrior writhes in agony.
Donald completely misses you.
The naga mage gestures wildly while chanting.
The naga mage seems to speed up.
You slice the naga warrior!!
The naga warrior writhes in agony.
You claw the naga warrior. You slice the naga warrior!!
You kill the naga warrior!
Kikubaaqudgha accepts your kill. Donald misses you.
You are no longer berserk.
You are exhausted.
You feel yourself slow down. Donald completely misses you.
Things that are here:
a battleaxe; a naga corpse You now have 45/155 hp.
Donald blocks your attack.
You claw Donald, but do no damage. Donald hits you but does no damage.
You feel drained.
You feel agile all of a sudden.
You feel sick. Donald misses you.
You hit Donald but do no damage.
Donald writhes in agony.
Donald misses you.
You hit Donald.
Donald writhes in agony.
You claw Donald, but do no damage. Donald barely misses you.
You slash Donald!
Your skin stops crawling.
Donald says, "So, why is that serpent talking?"
Donald hits you with a demon trident of draining!!
* * * LOW HITPOINT WARNING * * *
You feel drained.
* * * LOW HITPOINT WARNING * * *
You take 27 damage, and have 21/155 hp.
Blink to where?
As you read the scroll of blinking, it crumbles to dust.
You feel sick.
You take 1 damage, and have 20/155 hp.
You miscast Regeneration.
Strange energies run through your body.
You now have 17/32 mp.
You miscast Regeneration.
Kikubaaqudgha protects you from your miscast necromantic spell!
* * * LOW MAGIC WARNING * * *
Donald says, "I hate zombies."
You now have 14/32 mp.
Aim: Donald, wielding a demon trident of draining, wearing a glowing plate armour and wearing a glowing shield (lightly wounded, fast, unusually strong)
You create a blast of poison gas!
Donald is engulfed in poison gas.
Donald is poisoned.
Donald looks even sicker.
You feel sick.
Donald is engulfed in poison gas.
Donald looks even sicker.
Donald looks as sick as possible!
Donald says, "At least you'll get some reading material."
You block Donald's attack.
Aim: Donald, wielding a demon trident of draining, wearing a glowing plate armour and wearing a glowing shield (moderately wounded, fast, unusually strong, poisoned, chance to defeat MR: 1%)
Okay, then.
As you read the scroll of fear, it crumbles to dust.
You assume a fearsome visage.
Donald easily resists.
Donald barely misses you.
Donald hits you from afar with a demon trident of draining!!
You die...
Kikubaaqudgha rasps: "You have failed me!
Welcome... death!"

..# ##.## ..# #.†# ..# #.†#.. ..#
#)N#.. ..# #..#..## ## ###
##..#...####... # #...#..........
##################@..#..........
................@....#..........
.......?..........#..###'#### ###
...............#####........###..
.<.............# ##......##......
...............###.....####......
.....####......##.....## #......
....## #####..#....### #......
###.## ##.#...## #..##..# # ##Z##
#....## #.###..#


You could see Donald.

Notes
Turn   | Place    | Note
-------+----------+-------------------------------------------
     0 | D:1      | theanonym the Hill Orc Monk began the quest for the Orb.
     0 | D:1      | Reached XP level 1. HP: 19/19 MP: 1/1
   261 | D:1      | Reached XP level 2. HP: 21/27 MP: 2/2
   752 | D:1      | You fall through a shaft!
   949 | D:2      | HP: 10/27 [adder (4)]
   954 | D:2      | Reached skill level 4 in Fighting
   954 | D:2      | Reached skill level 5 in Axes
   954 | D:2      | Reached XP level 3. HP: 7/33 MP: 3/3
   956 | D:2      | HP: 6/33 [poisoned by an adder]
   963 | D:2      | HP: 5/33 [poisoned by an adder]
   971 | D:2      | HP: 4/33 [poisoned by an adder]
  1698 | D:2      | Found a blossoming altar of Fedhas.
  1720 | D:2      | Found a transporter.
  1727 | D:2      | Found a transporter.
  1858 | D:2      | Found an opulent altar of Gozag.
  1864 | D:2      | Reached XP level 4. HP: 36/41 MP: 4/4
  1967 | D:2      | Found a sacrificial altar of Ru.
  2079 | D:2      | Noticed an ogre
  2712 | D:3      | Noticed Natasha
  2718 | D:3      | Killed Natasha
  2718 | D:3      | Reached skill level 6 in Axes
  3013 | D:3      | Noticed Natasha
  3028 | D:3      | Killed Natasha
  3028 | D:3      | Reached XP level 5. HP: 47/47 MP: 5/5
  3464 | D:3      | Noticed Natasha
  3491 | D:3      | HP: 20/47 [white imp/puff of frost[Natasha] (6)]
  3492 | D:3      | HP: 5/47 [Natasha (8)]
  3493 | D:3      | Killed Natasha
  3493 | D:3      | Reached skill level 5 in Fighting
  3563 | D:3      | Reached skill level 7 in Axes
  4127 | D:4      | Found a sand-covered staircase.
  4135 | Ossuary  | Entered an ossuary
  4159 | Ossuary  | Gained mutation: You have sharp toenails. [potion of mutation]
  4159 | Ossuary  | Gained mutation: You are partially covered in iridescent scales. (AC +2) [potion of mutation]
  4159 | Ossuary  | Gained mutation: You are covered in fur. (AC +1) [potion of mutation]
  4159 | Ossuary  | Gained mutation: You have razor-sharp toenails. [potion of mutation]
  4167 | Ossuary  | Reached XP level 6. HP: 41/56 MP: 6/6
  4172 | Ossuary  | HP: 28/56 [worker ant zombie (3)]
  4177 | Ossuary  | HP: 22/56 [bog mummy (4)]
  4436 | Ossuary  | Reached skill level 8 in Axes
  4497 | Ossuary  | Reached skill level 6 in Fighting
  4497 | Ossuary  | Reached XP level 7. HP: 58/63 MP: 7/7
  4541 | Ossuary  | Reached skill level 9 in Axes
  4898 | D:4      | Reached skill level 10 in Axes
  4899 | D:4      | Reached XP level 8. HP: 63/71 MP: 8/8
  4954 | D:4      | Reached skill level 7 in Fighting
  5170 | D:4      | Noticed theanonym's ghost (amateur HOMo)
  5198 | D:4      | Killed theanonym's ghost
  5209 | D:4      | Reached skill level 11 in Axes
  5546 | D:5      | Entered Level 5 of the Dungeon
  5664 | D:5      | Got an ichor-stained helmet
  5791 | D:5      | Noticed Blork the orc
  5923 | D:5      | Killed Blork the orc
  5923 | D:5      | Reached skill level 8 in Fighting
  6194 | D:6      | Found a burning altar of Makhleb.
  6203 | D:6      | Reached skill level 12 in Axes
  6235 | D:6      | Reached XP level 9. HP: 61/82 MP: 9/9
  6497 | D:6      | HP: 35/82 [orc warrior/trident (15)]
  6505 | D:6      | HP: 23/82 [wight/war axe (5)]
  6515 | D:6      | Found an iron altar of Okawaru.
  6793 | D:6      | Found a glowing silver altar of Zin.
  6796 | D:6      | Found a shattered altar of Ashenzari.
  6800 | D:6      | Found a snail-covered altar of Cheibriados.
  7016 | D:6      | Reached skill level 9 in Fighting
  7016 | D:6      | Reached skill level 13 in Axes
  7069 | D:6      | Found a staircase to the Ecumenical Temple.
  7085 | Temple   | Entered the Ecumenical Temple
  7344 | D:6      | HP: 38/83 [wight/enchanted long sword (5)]
  7629 | D:6      | Identified the +1 helmet "Vithi" {-Cast rCorr Stlth+} (You found it on level 5 of the Dungeon)
  8041 | D:7      | Found a shimmering altar of Xom.
  8091 | D:7      | Found a hazy altar of Hepliaklqana.
  8092 | D:7      | Found an ornate altar of the Wu Jian Council.
  8131 | D:7      | Found a hide-covered altar of Uskayaw.
  8345 | D:7      | Reached skill level 14 in Axes
  8549 | D:8      | Reached skill level 1 in Shields
  8583 | D:8      | Noticed a two-headed ogre
  8586 | D:8      | Noticed Gastronok
  8594 | D:8      | Killed a two-headed ogre
  8594 | D:8      | Reached skill level 10 in Fighting
  8594 | D:8      | Reached skill level 3 in Shields
  8594 | D:8      | Reached XP level 10. HP: 72/93 MP: 10/10
  8693 | D:8      | Noticed Maurice
  8711 | D:8      | Killed Maurice
  8744 | D:8      | Reached skill level 4 in Shields
  8795 | D:8      | Killed Gastronok
  8795 | D:8      | Reached skill level 15 in Axes
  8795 | D:8      | Reached skill level 2 in Armour
  8795 | D:8      | Reached skill level 3 in Dodging
  8912 | D:8      | Noticed Joseph
  8926 | D:8      | Killed Joseph
  9017 | D:8      | Reached skill level 3 in Armour
  9674 | D:9      | Noticed a two-headed ogre
  9682 | D:9      | HP: 46/94 [two-headed ogre/giant spiked club (17)]
  9684 | D:9      | Killed a two-headed ogre
  9684 | D:9      | Reached skill level 11 in Fighting
  9684 | D:9      | Reached XP level 11. HP: 50/102 MP: 11/11
  9936 | D:9      | Noticed Grum
  9965 | D:9      | Killed Grum
  9971 | D:9      | Reached skill level 4 in Dodging
 10053 | D:9      | Found a staircase to the Lair.
 10354 | D:9      | Reached skill level 4 in Armour
 10490 | D:9      | Reached skill level 16 in Axes
 10534 | D:9      | Found an ancient bone altar of Kikubaaqudgha.
 10542 | D:9      | Became a worshipper of Kikubaaqudgha
 10542 | D:9      | Reached * piety under Kikubaaqudgha
 10542 | D:9      | Identified Kikubaaqudgha's Papyrus of Evil Rituals {god gift} (Kikubaaqudgha gifted it to you on level 9 of the Dungeon)
 10542 | D:9      | Received a gift from Kikubaaqudgha
 10542 | D:9      | Reached ** piety under Kikubaaqudgha
 10679 | D:10     | Entered Level 10 of the Dungeon
 10679 | D:10     | Noticed a two-headed ogre
 10746 | D:10     | Killed a two-headed ogre
 10888 | D:10     | Noticed a two-headed ogre
 10888 | D:10     | Found Guuwin's Magic Scroll Shoppe.
 10894 | D:10     | Killed a two-headed ogre
 10956 | D:10     | Noticed Snorg
 10970 | D:10     | Killed Snorg
 10970 | D:10     | Reached skill level 5 in Armour
 10977 | D:10     | Noticed an unseen horror
 10990 | D:10     | Killed an unseen horror
 10990 | D:10     | Reached skill level 5 in Dodging
 11014 | D:10     | Bought a scroll of fear for 38 gold pieces
 11014 | D:10     | Bought a scroll of magic mapping for 38 gold pieces
 11014 | D:10     | Bought a scroll of identify for 22 gold pieces
 11079 | D:10     | Noticed Erolcha
 11112 | D:10     | Killed Erolcha
 11112 | D:10     | Reached skill level 12 in Fighting
 11238 | D:10     | Noticed an unseen horror
 11269 | D:10     | Killed an unseen horror
 11269 | D:10     | Reached skill level 6 in Armour
 11527 | D:11     | Noticed a cyclops
 11588 | D:11     | Noticed a five-headed hydra
 11767 | D:12     | Noticed a two-headed ogre
 11777 | D:12     | Killed a two-headed ogre
 11858 | D:12     | Noticed a red ugly thing
 11865 | D:12     | Killed a red ugly thing
 11865 | D:12     | Reached XP level 12. HP: 113/113 MP: 12/12
 12036 | D:12     | Reached skill level 7 in Armour
 12104 | D:12     | Reached skill level 6 in Dodging
 12195 | D:11     | Noticed a four-headed hydra
 12464 | Lair:1   | Entered Level 1 of the Lair of Beasts
 12790 | Lair:1   | Reached skill level 13 in Fighting
 12801 | Lair:1   | Reached skill level 8 in Armour
 13152 | Lair:1   | Noticed a six-headed hydra
 13156 | Lair:1   | Killed a six-headed hydra
 13195 | Lair:1   | Reached *** piety under Kikubaaqudgha
 13195 | Lair:1   | Identified Kikubaaqudgha's Compendium of Stolen Souls {god gift} (Kikubaaqudgha gifted it to you on level 1 of the Lair of Beasts)
 13195 | Lair:1   | Received a gift from Kikubaaqudgha
 13195 | Lair:1   | Reached skill level 7 in Dodging
 13210 | Lair:1   | Learned a level 4 spell: Animate Dead
 13339 | Lair:1   | Reached skill level 1 in Necromancy
 13499 | Lair:1   | Learned a level 2 spell: Blink
 13618 | Lair:1   | Noticed Harold
 13631 | Lair:1   | Killed Harold
 13631 | Lair:1   | Reached skill level 2 in Necromancy
 14133 | Lair:2   | Reached skill level 9 in Armour
 14133 | Lair:2   | Reached skill level 3 in Necromancy
 14244 | Lair:2   | Noticed Fannar
 14260 | Lair:2   | Killed Fannar
 14558 | Lair:2   | Reached skill level 4 in Necromancy
 14558 | Lair:2   | Reached XP level 13. HP: 123/123 MP: 13/13
 14624 | Lair:2   | Learned a level 5 spell: Excruciating Wounds
 14641 | Lair:2   | Got a fine tin ring
 14643 | Lair:2   | Identified the cursed ring "Gaolavigh" {rC+ AC-3 Int+4} (You found it on level 2 of the Lair of Beasts)
 14706 | Lair:2   | You fall through a shaft for 2 floors!
 14839 | Lair:3   | Reached skill level 14 in Fighting
 14902 | Lair:2   | Noticed Urug
 14924 | Lair:2   | Killed Urug
 14986 | Lair:2   | Found a staircase to the Shoals.
 15140 | Lair:2   | Reached skill level 10 in Armour
 15492 | Lair:3   | Reached **** piety under Kikubaaqudgha
 16087 | Lair:3   | Reached skill level 11 in Armour
 16129 | Lair:3   | Found the +8 whip "Snakebite" {curare, rPois}
 16271 | Lair:3   | Found a staircase to the Snake Pit.
 17102 | Lair:4   | Reached skill level 5 in Necromancy
 17968 | Lair:5   | Reached skill level 1 in Spellcasting
 18393 | Lair:5   | Reached skill level 15 in Fighting
 18525 | Lair:5   | Reached skill level 6 in Necromancy
 18530 | Lair:5   | HP: 63/126 [poisoned by a black mamba]
 18535 | Lair:5   | HP: 56/126 [poisoned by a black mamba]
 18540 | Lair:5   | HP: 50/126 [poisoned by a black mamba]
 18545 | Lair:5   | HP: 47/126 [poisoned by a black mamba]
 18551 | Lair:5   | HP: 45/126 [poisoned by a black mamba]
 18558 | Lair:5   | HP: 44/126 [poisoned by a black mamba]
 18565 | Lair:5   | HP: 44/126 [poisoned by a black mamba]
 18573 | Lair:5   | HP: 44/126 [poisoned by a black mamba]
 18591 | Lair:5   | HP: 46/126 [hippogriff (4)]
 18604 | Lair:5   | Reached skill level 2 in Spellcasting
 18616 | Lair:5   | Reached XP level 14. HP: 57/135 MP: 4/17
 18625 | Lair:5   | HP: 52/135 [porcupine (8)]
 18703 | Lair:5   | HP: 67/135 [poisoned by a water moccasin]
 18914 | Lair:5   | Reached ***** piety under Kikubaaqudgha
 18920 | Lair:5   | Found a viscous altar of Jiyva.
 18920 | Lair:5   | Found a staircase to the Slime Pits.
 19230 | Lair:5   | Reached skill level 12 in Armour
 19623 | Lair:6   | Entered Level 6 of the Lair of Beasts
 19911 | Lair:6   | Reached skill level 7 in Necromancy
 20369 | Lair:6   | HP: 68/136 [poisoned by a sea snake]
 20376 | Lair:6   | HP: 67/136 [poisoned by a sea snake]
 20383 | Lair:6   | HP: 68/136 [poisoned by a sea snake]
 20391 | Lair:6   | HP: 68/136 [poisoned by a sea snake]
 20750 | Lair:6   | Learned a level 5 spell: Dispel Undead
 21517 | Lair:4   | Noticed Ratty's ghost (journeyman MiBe)
 21535 | Lair:4   | Killed Ratty's ghost
 22342 | D:11     | Found Waqaxor's Antique Weapon Shoppe.
 22353 | D:11     | Reached ****** piety under Kikubaaqudgha
 22863 | D:11     | Found a staircase to the Orcish Mines.
 22939 | D:11     | Reached skill level 17 in Axes
 23462 | Orc:1    | Entered Level 1 of the Orcish Mines
 23462 | Orc:1    | Found Cuhyfarch's Antique Weapon Shoppe.
 23880 | Orc:2    | Entered Level 2 of the Orcish Mines
 24514 | Orc:2    | Found a staircase to the Elven Halls.
 24536 | Orc:2    | Found a roughly hewn altar of Beogh.
 24559 | Orc:2    | HP: 68/136 [orc high priest/trident (7)]
 24565 | Orc:2    | HP: 56/136 [orc high priest/divine providence (13)]
 25298 | Orc:2    | Found Irphuuxzar's Book Shoppe.
 25305 | Orc:2    | Reached XP level 15. HP: 131/143 MP: 19/19
 25349 | Orc:2    | Found Zoin's Food Boutique.
 25362 | Orc:2    | Reached skill level 3 in Spellcasting
 25391 | Orc:2    | Bought a book of Necromancy for 450 gold pieces
 25395 | Orc:2    | Learned a level 3 spell: Regeneration
 25432 | Orc:2    | Found Oxirchoki's Jewellery Shoppe.
 25433 | Orc:2    | Found Zomacahergh's Jewellery Boutique.
 25463 | Orc:2    | Reached skill level 8 in Necromancy
 25463 | Orc:2    | HP: 69/143 [sun demon[an orc high priest] (7)]
 25468 | Orc:2    | HP: 35/143 [orc high priest/divine providence (14)]
 25478 | Orc:2    | HP: 25/143 [sun demon[an orc high priest] (7)]
 25592 | Orc:2    | Bought the ring of Liatuumim {rPois Int+4} for 531 gold pieces
 25843 | Orc:2    | Identified a +2 broad axe of pain (a +0 broad axe bloodied by Kikubaaqudgha)
 25843 | Orc:2    | Received a gift from Kikubaaqudgha
 26205 | Snake:1  | Entered Level 1 of the Snake Pit
 26215 | Snake:1  | Reached skill level 1 in Charms
 26303 | Snake:1  | Reached skill level 18 in Axes
 26587 | Snake:1  | Reached skill level 16 in Fighting
 26587 | Snake:1  | Reached skill level 13 in Armour
 26677 | Snake:1  | Found Sionisat's Armour Shop.
 26685 | Snake:1  | Bought the +0 helmet of Atheism {rElec Dex+4} for 484 gold pieces
 27324 | Snake:1  | Reached skill level 2 in Charms
 27965 | Snake:2  | Reached skill level 3 in Charms
 27972 | Snake:2  | HP: 71/144 [poisoned by a naga ritualist]
 27977 | Snake:2  | HP: 68/144 [poisoned by a naga ritualist]
 27983 | Snake:2  | HP: 65/144 [poisoned by a naga ritualist]
 27988 | Snake:2  | HP: 64/144 [poisoned by a naga ritualist]
 27993 | Snake:2  | HP: 64/144 [poisoned by a naga ritualist]
 28000 | Snake:2  | HP: 64/144 [poisoned by a naga ritualist]
 28008 | Snake:2  | HP: 65/144 [poisoned by a naga ritualist]
 28424 | Snake:2  | HP: 69/145 [something (6)]
 28667 | Snake:2  | Reached skill level 9 in Necromancy
 28681 | Snake:2  | HP: 71/145 [salamander (7)]
 28997 | Snake:2  | Reached skill level 4 in Spellcasting
 30062 | Snake:3  | HP: 56/145 [naga sharpshooter/arrow (20)]
 30065 | Snake:3  | Reached skill level 4 in Charms
 30595 | Snake:3  | Reached XP level 16. HP: 114/152 MP: 22/22
 30642 | Snake:3  | Noticed a nagaraja
 30650 | Snake:3  | Killed a nagaraja
 30773 | Snake:3  | Reached skill level 14 in Armour
 30836 | Snake:3  | Noticed a nagaraja
 30848 | Snake:3  | Killed a nagaraja
 31507 | Snake:4  | Entered Level 4 of the Snake Pit
 31856 | Snake:4  | Reached skill level 5 in Charms
 32065 | Snake:4  | Reached skill level 5 in Spellcasting
 32086 | Snake:4  | Reached skill level 17 in Fighting
 32104 | Snake:4  | Noticed a nagaraja
 32106 | Snake:4  | Noticed a nagaraja
 32107 | Snake:4  | HP: 74/155 [naga sharpshooter/bolt (9)]
 32111 | Snake:4  | Noticed Donald
 32112 | Snake:4  | HP: 48/155 [shock serpent/bolt of electricity (3)]
 32113 | Snake:4  | Noticed a nagaraja
 32119 | Snake:4  | HP: 42/155 [shock serpent/bolt of electricity (2)]
 32133 | Snake:4  | HP: 58/155 [black mamba (2)]
 32138 | Snake:4  | HP: 56/155 [poisoned by a black mamba]
 32143 | Snake:4  | HP: 55/155 [poisoned by a black mamba]
 32148 | Snake:4  | HP: 72/232 [shock serpent/electric aura (3)]
 32151 | Snake:4  | Reached skill level 10 in Necromancy
 32153 | Snake:4  | HP: 64/232 [poisoned by a black mamba]
 32159 | Snake:4  | HP: 46/155 [poisoned by a black mamba]
 32162 | Snake:4  | HP: 22/155 [Donald/demon trident of draining (26)]
 32167 | Snake:4  | HP: 21/155 [poisoned by a black mamba]
 32170 | Snake:4  | Slain by Donald

Vanquished Creatures
  Gastronok (D:8)
  2 nagarajas (Snake:3)
  The ghost of Ratty the Warrior, a journeyman MiBe of Trog (Lair:4)
  Snorg (D:10)
  Erolcha (D:10)
  5 hydras
  Harold (Lair:1)
  Fannar (Lair:2)
  3 naga warriors
  6 two-headed ogres
  5 anacondas
  9 orc high priests (Orc:2)
  7 naga sharpshooters
  Urug (Lair:2)
  8 shock serpents
  2 salamander mystics (Snake:2)
  3 sea snakes
  3 unseen horrors
  4 naga ritualists
  2 harpies (Lair:6)
  11 mana vipers
  2 ugly things
  An oklob plant (Lair:5)
  8 salamanders
  Maurice (D:8)
  2 cyclopes (D:11)
  2 elephants (Lair:6)
  36 black mambas
  5 naga magi
  2 guardian serpents
  Joseph (D:8)
  A merfolk siren (Lair:2)
  11 spiny frogs
  2 torpor snails (Lair:2)
  A gargoyle (D:11)
  3 rime drakes
  8 komodo dragons
  A troll (Orc:2)
  4 polar bears (Lair:6)
  A wind drake (Lair:6)
  A slime creature (D:11)
  10 hippogriffs
  18 blink frogs
  8 spriggans (Lair:1)
  33 yaks
  2 basilisks
  6 wyverns
  Grum (D:9)
  2 wargs (Orc:2)
  23 nagas
  A soldier ant (D:12)
  21 water moccasins
  6 porcupines
  A sky beast (D:11)
  The ghost of theanonym the Chopper, an amateur HOMo (D:4)
  3 ice beasts
  12 orc warriors
  3 black bears
  3 phantoms
  7 ogres
  An eye of draining (D:11)
  2 centaurs
  21 wolves
  12 crocodiles
  Blork the orc (D:5)
  14 bullfrogs
  A wyvern zombie (D:12)
  A water moccasin zombie (D:5)
  A gnoll sergeant (D:9)
  2 scorpions
  A howler monkey (D:11)
  5 wights (D:6)
  2 electric eels (Lair:5)
  9 crimson imps
  2 bullfrog zombies (Ossuary)
  5 centaur zombies
  6 jellies
  26 orc priests
  5 hounds
  2 bullfrog skeletons
  2 centaur skeletons
  A gnoll shaman (D:5)
  3 iguanas
  Natasha (thrice) (D:3)
  13 orc wizards
  A hell rat (Lair:1)
  11 worker ants
  3 killer bee zombies
  5 hound zombies
  9 mummies (Ossuary)
  A howler monkey zombie (Ossuary)
  8 worker ant zombies
  17 adders
  14 gnolls
  2 shadow imps
  9 oozes
  3 adder skeletons (D:4)
  2 adder zombies
  A worm (D:3)
  2 dart slugs
  6 leopard geckos
  63 orcs
  3 ball pythons
  8 bats
  A bat skeleton (D:2)
  3 bat zombies (D:9)
  4 giant cockroaches
  5 goblins
  4 hobgoblins
  17 jackals
  5 quokkas
  A ball python skeleton (D:4)
  5 frilled lizards
  9 kobolds
  3 leopard gecko zombies
  2 quokka zombies (Ossuary)
  3 rats
  4 plants
706 creatures vanquished.

Vanquished Creatures (collateral kills)
  A merfolk avatar (Lair:6)
  2 naga warriors
  An anaconda (Snake:4)
  2 naga sharpshooters
  A naga ritualist (Snake:4)
  2 mana vipers (Snake:2)
  3 salamanders (Snake:4)
  A centaur zombie (D:11)
  2 elephants (Lair:6)
  5 black mambas
  2 naga magi
  3 spiny frogs
  2 rime drakes (Lair:6)
  3 komodo dragons
  A polar bear (Lair:6)
  A blink frog (Lair:6)
  A wind drake (Lair:6)
  A hippogriff (Lair:5)
  2 wyverns
  8 nagas
  A water moccasin (Lair:6)
  3 porcupines (Lair:5)
  An ice beast (D:11)
  2 wolves (Lair:6)
  A crocodile (Lair:5)
  An electric eel (Snake:4)
  2 orc priests (Orc:2)
  3 orcs (Orc:2)
  3 fungi (Lair:6)
  2 plants (Lair:6)
63 creatures vanquished.

Vanquished Creatures (others)
  A troll (D:12)
  A hippogriff (D:12)
  2 yaks (D:12)
  A naga (Snake:1)
  A bush (Lair:6)
  5 fungi
  20 plants
  A withered plant (Ossuary)
32 creatures vanquished.

Grand Total: 801 creatures vanquished

Table legend:
 A = Turns spent in this place as a percentage of turns spent in the entire game.
 B = Non-inter-level travel turns spent in this place as a percentage of non-inter-level travel turns spent in the entire game.
 C = Inter-level travel turns spent in this place as a percentage of turns spent in this place.
 D = Turns resting spent in this place as a percentage of non-inter-level travel turns spent in this place.
 E = Turns spent auto-exploring this place as a percentage of non-inter-level travel turns spent in this place.
 F = Non-inter-level travel turns spent in this place divided by the number of levels of this place that you've seen.
                   A       B       C       D       E      F
               +-------+-------+-------+-------+-------+----------------------
         Total | 100.0 | 100.0 |   3.6 |  41.7 |  40.1 | 1192.7
       Dungeon |  41.6 |  41.0 |   5.1 |  34.8 |  46.5 | 1058.9
        Temple |   0.6 |   0.6 |  11.2 |   0.0 |  98.9 | 183.0
          Lair |  29.0 |  29.1 |   3.3 |  43.7 |  38.1 | 1501.7
     Snake Pit |  18.5 |  18.9 |   1.6 |  51.3 |  32.6 | 1466.8
  Orcish Mines |   8.2 |   8.3 |   2.0 |  48.5 |  34.2 | 1291.0
       Ossuary |   2.1 |   2.1 |   0.0 |  45.4 |  15.4 | 661.0
               +-------+-------+-------+-------+-------+----------------------
